 Dungeon Crawl Stone Soup version 0.16-a0-4111-gf762223 (webtiles) character file.

16 eljoo the Magician (level 2, 0/17 HPs)
             Began as an Octopode Wizard on Nov 27, 2014.
             Slain by a jackal (2 damage)
             ... on level 1 of the Dungeon on Feb 26, 2015.
             The game lasted 00:11:30 (952 turns).

eljoo the Magician (Octopode Wizard)                 Turns: 952, Time: 00:11:30

Health: 0/17       AC:  1    Str:  6    XL:     2   Next: 58%
Magic:  4/6        EV: 12    Int: 20    God:
Gold:   40         SH:  0    Dex: 10    Spells: 3 memorised, 3 levels left

rFire  . . .     SeeInvis .     (no weapon)
rCold  . . .     Clarity  .     (no shield)
rNeg   . . .     SustAb   .     b - +0 hat
rPois  .         Gourm    .     (no amulet)
rElec  .         Spirit   .     (no ring)
rCorr  .         Warding  .     (no ring)
rMut   .         Stasis   .     (no ring)
MR     .....                    (no ring)
Stlth  +++.......               (no ring)
                                (no ring)
                                (no ring)
                                (no ring)

@: not resistant to hostile enchantments, fairly stealthy
A: almost no armour, amphibious, 8 rings, constrict 8, camouflage 1, gelatinous
body 1
a: no special abilities


You were on level 1 of the Dungeon.
You were not hungry.

You visited 1 branch of the dungeon, and saw 1 of its levels.

You collected 40 gold pieces.

Inventory:

Armour
 b - a +0 hat (worn)
Scrolls
 e - a scroll of enchant weapon {unknown}
 g - a scroll of teleportation {unknown}
Potions
 a - a potion of cure mutation
Books
 c - a book of Minor Magic

   Spells                             Type                      Level
   a - Magic Dart                     Conjuration                  1
   b - Blink                          Translocation                2
   c - Call Imp                       Summoning                    2
   d - Repel Missiles                 Charms/Air                   2
   e - Slow                           Hexes                        2
   f - Conjure Flame                  Conjuration/Fire             3
   g - Mephitic Cloud                 Conjuration/Poison/Air       3
Comestibles
 d - a bread ration
 f - 2 chunks of flesh
 h - a meat ration


   Skills:
 + Level 2.2 Dodging
 + Level 2.8 Stealth
 + Level 3.5 Spellcasting
 + Level 1.0 Conjurations
 + Level 1.0 Summonings
   Level 1.0 Translocations


You had 3 spell levels left.
You knew the following spells:

 Your Spells              Type           Power        Failure   Level  Hunger
a - Magic Dart            Conj           #...         12%         1    None
b - Call Imp              Summ           #.......     17%         2    ##.....
c - Slow                  Hex            #.......     24%         2    ##.....


Dungeon Overview and Level Annotations

Branches:
Dungeon (1/15)

Altars:


Innate Abilities, Weirdness & Mutations

You cannot wear most types of armour.
You are amphibious.
You can wear up to eight rings at the same time.
You can use your tentacles to constrict many enemies at once.
Your skin changes colour to match your surroundings (Stealth).
Your rubbery body absorbs attacks (AC +1).


Message History

The jackal is heavily wounded.
You constrict the jackal, but do no damage.
The jackal closely misses you. The jackal bites you.
You release your grip on the jackal.
The jackal bites you. The jackal bites you.
* * * LOW HITPOINT WARNING * * *
Your crimson imp blinks!
Your crimson imp blinks!
Your crimson imp blinks!
The jackal barely misses you. The jackal misses you.
Your crimson imp blinks!
The jackal closely misses you. The jackal misses you. The jackal bites you.
* * * LOW HITPOINT WARNING * * *
The jackal closely misses you. The jackal misses you.
The jackal completely misses you. The jackal bites you.
You die...

#..###.......#
.............#
....#........####
##.......)........
...........##.#...
...........# .#..
...........##.#
.......#'#.##.######+#+####
#.###
.......#.#......@h........#
#....
.......#........hh........#
#.###
..........................#
......#.#.###.##.#........#
...)..#...#
#.##.#........###.###
......##..#
#.............##.....
.......#..#
.#####..#+##########
..#....#... ..##...........#
..#....#...................#


You could see 3 jackals.

Vanquished Creatures
  4 bats (D:1)
  2 goblins (D:1)
  A hobgoblin (D:1)
  A giant gecko (D:1)
  3 giant newts (D:1)
  4 kobolds (D:1)
  A rat (D:1)
16 creatures vanquished.

Notes
Turn   | Place    | Note
--------------------------------------------------------------
     0 | D:1      | eljoo, the Octopode Wizard, began the quest for the Orb.
     0 | D:1      | Reached XP level 1. HP: 11/11 MP: 4/4
     0 | D:1      | Upgraded the game from 0.16-a0-2757-g883b90a to 0.16-a0-2930-gdd371d7
   179 | D:1      | Upgraded the game from 0.16-a0-2930-gdd371d7 to 0.16-a0-3593-g1073268
   179 | D:1      | Upgraded the game from 0.16-a0-3593-g1073268 to 0.16-a0-4111-gf762223
   382 | D:1      | Reached XP level 2. HP: 17/17 MP: 3/6
   499 | D:1      | Learned a level 2 spell: Call Imp
   503 | D:1      | Learned a level 2 spell: Slow
   952 | D:1      | Slain by a jackal

Action                   || total
-------------------------++-------
Melee: Unarmed           ||    25
 Cast: Magic Dart        ||    29
       Call Imp          ||     3
       Slow              ||     1
  Use: Scroll            ||     1
